 Dungeon Crawl Stone Soup version 0.31-a0-963-ga325b2283a (webtiles) character file.

Game seed: 487222208910723001

6740 CowFu the Grappler (level 10, -7/93 HPs)
             Began as a White Draconian Shapeshifter on Oct 25, 2023.
             Was a Priest of Dithmenos.
             Mangled by a sixfirhy (12 damage)
             ... summoned by a kobold demonologist
             ... on level 9 of the Dungeon.
             The game lasted 00:13:42 (9662 turns).

CowFu the Grappler (White Draconian Shapeshifter)   Turns: 9662, Time: 00:13:42

Health: -7/93      AC:  7    Str: 21    XL:     10   Next: 75%
Magic:  10/10      EV: 17    Int: 11    God:    Dithmenos [***...]
Gold:   1125       SH:  0    Dex: 22    Spells: 9/9 levels left

rFire   . . .        e - +7 Throatcutter {drain, coup de grace}
rCold   + . .        (no shield)
rNeg    . . .        (body armour unavailable)
rPois   .            (helmet currently unavailable)
rElec   .            (cloak currently unavailable)
rCorr   .            (gloves currently unavailable)
SInv    .            (boots currently unavailable)
Will    .....        (no amulet)
Stlth   ++           l - +6 ring of dexterity
HPRegen 0.35/turn    p - +6 ring of dexterity
MPRegen 0.12/turn

%: no passive effects
@: beast-form, hasted, wreathed by umbra, studying Fighting, very quick
A: beast (slay +4), breathe frost, AC +7, unfitting armour, cold resistance 1,
cold-blooded
a: Breathe Frost, Begin Untransformation, Renounce Religion, Shadow Step


You were on level 9 of the Dungeon.
You worshipped Dithmenos.
Dithmenos was most pleased with you.
You were a hulking beast.
You visited 1 branch of the dungeon, and saw 9 of its levels.
You also visited: Bailey.

You collected 1125 gold pieces.

Inventory:

Hand Weapons
 b - a +3 falchion of freezing
 e - the +7 Throatcutter (weapon) {drain, coup de grace}
   (You found it on level 7 of the Dungeon)
Missiles
 A - a throwing net
Armour
 v - a +0 cloak
Jewellery
 l - a +6 ring of dexterity (left hand)
 p - a +6 ring of dexterity (right hand)
 u - a ring of willpower
 z - the ring "Ybu Ucib" {rC+++ MP+9 Dex-3}
   (You acquired it in a bailey)

   [ring of magical power]

   Dex-3:     It affects your dexterity (-3).
   rC+++:     It renders you almost immune to cold.
   MP+9:      It affects your magic capacity (+9).
Talismans
 c - a flux talisman
 j - a beast talisman
Wands
 m - a wand of flame (32)
 r - a wand of mindburst (5)
 t - a wand of polymorph (8)
 w - a wand of charming (6)
 y - a wand of iceblast (7)
Scrolls
 n - 2 scrolls of enchant weapon
 q - a scroll of torment
 x - a scroll of poison
 C - a scroll of silence {unknown}
 D - 2 scrolls of identify
 E - 2 scrolls of immolation {unknown}
Potions
 a - 3 potions of lignification
 d - a potion of attraction
 f - a potion of enlightenment {unknown}
 h - a potion of degeneration {unknown}
 i - 2 potions of berserk rage {unknown}
 k - 3 potions of curing
 o - 3 potions of brilliance {unknown}
 s - a potion of invisibility {unknown}
 B - 2 potions of mutation {unknown}


   Skills:
 + Level 10.1 Fighting
 - Level 7.0 Dodging
 - Level 10.9 Unarmed Combat
 - Level 7.0 Shapeshifting


You had 9 spell levels left.
You didn't know any spells.
Your spell library contained the following spells:

 Spells                   Type           Power      Damage    Failure   Level
 Apportation              Tloc           0%         N/A       34%         1
 Necrotise                Necr           0%         1d4       34%         1
 Shock                    Conj/Air       0%         1d3       34%         1
 Summon Small Mammal      Summ           0%         N/A       34%         1
 Ignite Poison            Fire/Tmut/Pois 0%         N/A       71%         3
 Swiftness                Air            0%         N/A       71%         3
 Airstrike                Air            0%         2d(0-16)  98%         4
 Sticky Flame             Conj/Fire      0%         2d3       98%         4
 Ignition                 Fire           0%         3d3       100%        8


Dungeon Overview and Level Annotations

Branches:
Dungeon (9/15)             Temple (0/1) D:7          Bailey (visited)
   Lair: D:8-11         Orc: D:9-12

Altars:
Dithmenos
Elyvilon
Kikubaaqudgha
Makhleb
Trog
Zin

Shops:
D:1 [


Innate Abilities, Weirdness & Mutations

You are a hulking beast.
Your limbs bulge with bestial killing power. (Slay +4)
You can breathe waves of freezing cold which knock back foes.
Your icy white scales are hard. (AC +7)
You cannot fit into any form of body armour.
Your flesh is cold resistant. (rC+)
You are cold-blooded and may be slowed by cold attacks.


Message History

You kill the hornet!
Dithmenos accepts your kill.
Your Fighting skill increases to level 10!
No target in view!
Items here: ))) [[ †.
You open the door.
There is an open door here.
E - 2 scrolls labelled ZIKOT JOL FOL (gained 1)
A kobold demonologist comes into view. It is wielding a +0 dagger.
A kobold demonologist is nearby!
A kobold demonologist is nearby! 2 kobold demonologists and a kobold come into view.
The kobold is wielding a +0 short sword and quivering poisoned darts.
The kobold demonologist shouts! x2
The kobold demonologist casts a spell.
The kobold demonologist mumbles some strange words.
The kobold demonologist shouts!
The sixfirhy attacks as it pursues you! The sixfirhy hits you.
The sixfirhy shocks you!
The sixfirhy hits you but does no damage.
The sixfirhy barely misses you. The sixfirhy hits you! The sixfirhy shocks you!
The kobold demonologist gestures wildly while chanting.
The sixfirhy hits you. The sixfirhy shocks you!
You barely miss the sixfirhy.
Your tail-slap misses the sixfirhy.
The sixfirhy hits you! The sixfirhy shocks you! The sixfirhy barely misses you.
The sixfirhy closely misses you.
The kobold demonologist casts a cantrip, but nothing happens.
You closely miss the sixfirhy. The sixfirhy misses you. The sixfirhy hits you!
* * * LOW HITPOINT WARNING * * *
The sixfirhy shocks you!
* * * LOW HITPOINT WARNING * * *
You feel better.
The kobold demonologist looks satisfied for a moment.
Okay, then.
You sense an unholy aura.
e - the +7 Throatcutter (weapon)
{drain, coup de grace} You feel yourself speed up.
The sixfirhy hits you!
* * * LOW HITPOINT WARNING * * *
The sixfirhy shocks you!
You die...

## ##.#...
...#...#.# #.......#
##.#K..#5#
..5...K.5##
#.####.##.##K.#
##... # ##K# ####
##...## ##+###3#
#... ##.....#
##...##h### #.##
.......###.....#.#≈#
#.#
.#.....##........#≈#
#.#
......##.........#≈#
..#####.##
.......'.........###
..........
#...####.........#
..######[. #..##
##........# #.# #.##
##.....### #.# #)#
#####...### ## #.#


You could see 2 kobold demonologists, a sixfirhy (summoned), an iron imp
(summoned) and a quasit (summoned).

Vanquished Creatures
  An orc knight (Bailey)
  3 kobold demonologists (D:7)
  Grinder (D:5)
  2 hornets (D:9)
  Sigmund (D:3)
  Eustachio (D:5)
  A steam dragon (D:8)
  Menkaure (D:5)
  9 orc warriors
  A sky beast (D:6)
  2 black bears
  An ice beast (D:4)
  2 ogres
  6 centaurs
  2 phantoms
  8 kobold brigands
  3 scorpions
  10 wights
  A jelly (D:6)
  6 killer bees (D:9)
  A howler monkey (D:9)
  4 orc priests
  Crazy Yiuf (D:5)
  A hound (D:5)
  A sleepcap (D:6)
  7 iguanas
  5 orc wizards
  Robin (D:2)
  8 gnolls
  6 adders
  2 ufetubi (D:6)
  A worm (D:4)
  3 dart slugs
  30 orcs
  5 ball pythons
  5 endoplasms
  3 giant cockroaches
  11 hobgoblins
  6 jackals
  3 quokkas
  5 bats
  2 frilled lizards
  19 goblins
  31 kobolds
  9 rats
232 creatures vanquished.

Notes
Turn   | Place    | Note
-------+----------+-------------------------------------------
     0 | D:1      | CowFu the Draconian Shapeshifter began the quest for the
                  | Orb.
     0 | D:1      | Reached XP level 1. HP: 16/16 MP: 1/1
    97 | D:1      | Found a faded altar of an unknown god.
   227 | D:1      | Reached XP level 2. HP: 9/23 MP: 2/2
   731 | D:1      | Found Nueceam's Armour Shop.
   899 | D:2      | Reached XP level 3. HP: 18/28 MP: 3/3
   980 | D:2      | Noticed Robin
  1021 | D:2      | Killed Robin
  1114 | D:2      | Reached XP level 4. HP: 31/35 MP: 4/4
  1673 | D:3      | Noticed Sigmund
  1689 | D:3      | Killed Sigmund
  1690 | D:3      | Reached XP level 5. HP: 10/40 MP: 5/5
  2027 | D:3      | Reached XP level 6. HP: 19/47 MP: 6/6
  2404 | D:3      | Found a burning altar of Makhleb.
  3069 | D:4      | Found a shadowy altar of Dithmenos.
  3081 | D:4      | Became a worshipper of Dithmenos the Shadowed
  3140 | D:4      | Noticed an ice beast
  3146 | D:4      | Killed an ice beast
  3147 | D:4      | Your scales start taking on an icy white colour.
  3147 | D:4      | Reached XP level 7. HP: 56/56 MP: 7/7
  3147 | D:4      | Gained mutation: Your flesh is cold resistant. (rC+) [White
                  | Draconian growth]
  3413 | D:4      | Found a bloodstained altar of Trog.
  3426 | D:4      | Found an ancient bone altar of Kikubaaqudgha.
  3907 | D:5      | Entered Level 5 of the Dungeon
  3911 | D:5      | Noticed Eustachio
  3918 | D:5      | Killed Eustachio
  4175 | D:5      | Noticed Grinder
  4175 | D:5      | Paralysed by Grinder for 3 turns
  4186 | D:5      | Paralysed by Grinder for 3 turns
  4191 | D:5      | Paralysed by Grinder for 4 turns
  4196 | D:5      | Killed Grinder
  4197 | D:5      | Reached XP level 8. HP: 51/67 MP: 8/8
  4301 | D:5      | Reached skill level 5 in Unarmed Combat
  4307 | D:5      | Noticed Menkaure
  4315 | D:5      | Killed Menkaure
  4551 | D:5      | Reached skill level 5 in Fighting
  4633 | D:5      | Found a runed translucent door.
  4634 | D:5      | Noticed Crazy Yiuf
  4645 | D:5      | Killed Crazy Yiuf
  4706 | D:5      | Reached * piety under Dithmenos
  5397 | D:6      | Reached skill level 5 in Dodging
  5399 | D:6      | Reached ** piety under Dithmenos
  5598 | D:6      | Reached XP level 9. HP: 54/75 MP: 9/9
  6253 | D:6      | Found a glowing silver altar of Zin.
  6254 | D:6      | Found a white marble altar of Elyvilon.
  6388 | D:7      | Found the +7 Throatcutter {drain, coup de grace}
  6388 | D:7      | Noticed a kobold demonologist
  6388 | D:7      | Noticed a kobold demonologist
  6388 | D:7      | Noticed a kobold demonologist
  6390 | D:7      | Noticed a sixfirhy
  6396 | D:7      | Noticed a soul eater
  6399 | D:7      | Noticed an orange demon
  6400 | D:7      | Noticed a sun demon
  6405 | D:7      | Noticed a rust devil
  6413 | D:7      | Noticed a red devil
  6413 | D:7      | Noticed an ice devil
  6650 | D:7      | Noticed an orange demon
  6650 | D:7      | Killed a kobold demonologist
  6661 | D:7      | Killed a kobold demonologist
  6711 | D:7      | Killed a kobold demonologist
  7041 | D:7      | Found a staircase to the Ecumenical Temple.
  7253 | D:7      | Reached XP level 10. HP: 75/85 MP: 10/10
  7291 | D:7      | Identified a scroll of acquirement
  7291 | D:7      | Acquired 542 gold pieces
  7617 | D:8      | Found a flagged portal.
  7649 | Bailey   | Entered a bailey
  8036 | Bailey   | Reached *** piety under Dithmenos
  8171 | Bailey   | Noticed an orc knight
  8185 | Bailey   | Killed an orc knight
  8186 | Bailey   | Reached skill level 10 in Unarmed Combat
  8193 | Bailey   | Acquired the ring "Ybu Ucib" {rC+++ MP+9 Dex-3}
  9501 | D:9      | Paralysed by a hornet for 1 turns
  9512 | D:9      | Reached skill level 10 in Fighting
  9653 | D:9      | Noticed a sixfirhy
  9662 | D:9      | Mangled by a sixfirhy

Illustrated notes

Levels and vault maps discovered:
D:1:      tarquinn_simple_flora_water_b, layout_basic, serial_shops,
          nicolae_shop_just_a_little_nook,
          shapermc_ecumenical_altar_mp_urbaneastern, minmay_rat_gold_closets
D:2:      layout_basic, minmay_diced_spiral, uniq_robin
D:3:      layout_basic, mainiacjoe_overflow_alcove_1, chequers_big_river,
          uniq_sigmund
D:4:      layout_cave_pods, grunt_dithmenos_smoke,
          nicolae_overflow_crystal_walls, nicolae_kikubaaqudgha_miasma_corner,
          minmay_goblin_outpost
D:5:      kennysheep_kobold_camp, layout_gridville, uniq_grinder, uniq_menkaure,
          uniq_eustachio, uniq_crazy_yiuf_cottage
D:6:      layout_gridville, gammafunk_temple_overflow_pools
D:7:      layout_basic, minmay_temple_entry_junction,
          dilly_guarded_unrand_throatcut
D:8:      layout_cave_pods, enter_bailey_5
D:9:      layout_loops_corners, serial_aquarium, aquarium_bridge_square
          [aquarium_subvault_balcony, aquarium_subvault_bridge,
          aquarium_subvault_window, aquarium_subvault_wall],
          aquarium_window_corridor_3, aquarium_window_1, aquarium_window_1,
          aquarium_window_1, aquarium_view_2a, aquarium_view_2d, st_stairs_12

Skill      XL: |  1  2  3  4  5  6  7  8  9 10 |
---------------+-------------------------------+-----
Shapeshifting  | 4 6 7 |  7.0
Dodging        | 2 3 5 7 |  7.0
Fighting       | 2 4 6 7 10 | 10.1
Unarmed Combat | 4 6 8 10 | 10.9

Action                     |  1- 3 |  4- 6 |  7- 9 | 10-12 || total
---------------------------+-------+-------+-------+-------++-------
  Melee: Unarmed           |   102 |       |       |    44 ||   146
         Tailslap          |    10 |    15 |    43 |    18 ||    86
         Falchion          |     3 |    54 |   243 |       ||   300
         Punch             |     1 |     2 |    16 |     5 ||    24
         Long sword        |       |       |    27 |    84 ||   111
  Evoke: Wand              |       |       |     1 |       ||     1
    Use: Potion            |       |     1 |     3 |     2 ||     6
         Scroll            |       |     4 |     2 |     8 ||    14
   Stab: Sleeping          |     1 |       |     4 |     1 ||     6
 Armour: Skin              |    58 |    29 |   145 |    85 ||   317
  Dodge: Dodged            |    52 |    29 |   272 |   224 ||   577

Table legend: (Time is in decaauts)
 A = Elapsed time spent in this place.
 B = Non-inter-level travel time spent in this place.
 C = Inter-level travel time spent in this place.
 D = Time resting spent in this place.
 E = Time spent auto-exploring this place.
 F = Levels seen in this place.
 G = Mean time per level.
                   A        B        C        D        E       F      G
               +--------+--------+--------+--------+--------+-----+--------+
         Total |   9816 |   9575 |    241 |      0 |   7829 |  10 |  981.6 |
       Dungeon |   8984 |   8743 |    241 |      0 |   7241 |   9 |  998.2 |
        Bailey |    831 |    831 |      0 |      0 |    588 |   1 |  831.0 |
               +--------+--------+--------+--------+--------+-----+--------+

Top non-repeatable levels by time:
     D:3: 1402 daAuts
     D:5: 1365 daAuts
     D:6: 1274 daAuts
     D:7: 945 daAuts
     D:8: 889 daAuts
     D:1: 887 daAuts
     D:4: 846 daAuts
  Bailey: 831 daAuts
     D:2: 781 daAuts
     D:9: 592 daAuts
